 Dungeon Crawl Stone Soup version 0.24.0-123-gd5b16e6ec5 (webtiles) character file.

Game seed: 9576120153710952725, levelgen mode: deterministic

112768 brucemayne the Executioner (level 16, -1/151 HPs)
             Began as a Hill Orc Monk on Jan 18, 2020.
             Was a High Priest of the Shining One.
             Killed from afar by an acid blob (6 damage)
             ... with a splash of acid
             ... on level 1 of the Pits of Slime.
             The game lasted 01:10:32 (13532 turns).

brucemayne the Executioner (Hill Orc Monk)         Turns: 13532, Time: 01:10:33

Health: -1/151     AC: 12    Str: 30    XL:     16   Next: 26%
Magic:  25/26      EV: 12    Int: 10    God:    the Shining One [*****.]
Gold:   804        SH: 11    Dex: 13    Spells: 15/15 levels left

rFire    + . .     SeeInvis .   q - +7 battleaxe (freeze)
rCold    + . .     Gourm    .   (shield currently unavailable)
rNeg     + + .     Faith    .   i - +0 plate armour
rPois    +         Spirit   .   h - +2 helmet of Xosuedao {MR+}
rElec    +         Reflect  .   R - +2 cloak {+Inv}
rCorr    +         Harm     .   k - +2 pair of gloves
MR       +++..                  (no boots)
Stlth    ..........             A - amulet of the acrobat
HPRegen  0.35/turn              o - ring of protection from magic
MPRegen  0.20/turn              u - +4 ring of strength

@: mighty, divine shield, resistant, corroded, very slightly contaminated,
glowing
A: no striking features
}: 1/15 runes: barnacled
a: Divine Shield, Cleansing Flame, Summon Divine Warrior, Renounce Religion,
Evoke Invisibility


You were on level 1 of the Pits of Slime.
You worshipped the Shining One.
The Shining One was extremely pleased with you.
You were not hungry.

You visited 7 branches of the dungeon, and saw 28 of its levels.

You collected 1848 gold pieces.
You spent 1044 gold pieces at shops.

Inventory:

Hand Weapons
 a - a +0 broad axe of electrocution
 q - a +7 battleaxe of freezing (weapon)
Missiles
 l - 19 silver javelins (quivered)
 p - 41 poisoned darts
 T - 5 throwing nets
 Z - 6 atropa-tipped darts
Armour
 h - the +2 helmet of Xosuedao (worn) {MR+}
   (You bought it in a shop on level 2 of the Orcish Mines)

   It affects your resistance to hostile enchantments.
 i - a +0 plate armour (worn)
 k - a +2 pair of gloves (worn)
 Q - a +0 troll leather armour
 R - a +2 cloak of invisibility (worn)
 V - a +1 chain mail of cold resistance
Jewellery
 o - a ring of protection from magic (left hand)
 u - a +4 ring of strength (right hand)
 A - an amulet of the acrobat (around neck)
 Y - an uncursed ring of flight
Wands
 y - a wand of paralysis (12)
 D - a wand of scattershot (4)
 L - a wand of disintegration (10)
 N - a wand of enslavement (18)
 P - a wand of iceblast (31)
 X - a wand of clouds (3)
Scrolls
 b - 4 scrolls of fog
 d - 2 scrolls of immolation
 r - 2 scrolls of enchant armour
 v - 8 scrolls of remove curse
 G - 7 scrolls of blinking
 M - 3 scrolls of teleportation
Potions
 e - 3 potions of brilliance
 j - 3 potions of heal wounds
 m - a potion of agility
 n - 9 potions of curing
 s - 4 potions of haste
 t - 4 potions of mutation
 x - 3 potions of might
 z - 2 potions of flight
 H - a potion of lignification
 J - 2 potions of magic {unknown}
 K - a potion of berserk rage
 O - 2 potions of resistance
 S - a potion of cancellation
Miscellaneous
 W - a sack of spiders
Comestibles
 c - 18 rations


   Skills:
 - Level 16.0 Fighting
 - Level 22.4 Axes
 - Level 2.5 Throwing
 + Level 10.0 Armour
 + Level 8.0 Dodging
 - Level 1.5 Stealth
 - Level 13.3 Invocations


You had 15 spell levels left.
You didn't know any spells.
Your spell library contained the following spells:

 Spells                   Type           Power        Failure   Level  Hunger
 Animate Skeleton         Necr           N/A          95%         1    ##.....
 Apportation              Tloc           #.....       95%         1    ##.....
 Beastly Appendage        Tmut           #.....       95%         1    ##.....
 Confusing Touch          Hex            #.....       95%         1    ##.....
 Corona                   Hex            #......      95%         1    ##.....
 Sandblast                Erth           #.....       95%         1    ##.....
 Summon Small Mammal      Summ           #...         95%         1    ##.....
 Ensorcelled Hibernation  Hex/Ice        #.....       99%         2    ###....
 Passwall                 Tmut/Erth      #.......     99%         2    ###....
 Sticks to Snakes         Tmut           #.......     99%         2    ###....
 Recall                   Summ/Tloc      N/A          100%        3    ####...
 Spider Form              Tmut/Pois      #.........   100%        3    ####...
 Stone Arrow              Conj/Erth      #.....       100%        3    ####...
 Summon Guardian Golem    Hex/Summ       #.......     100%        3    ####...
 Animate Dead             Necr           N/A          100%        4    #####..
 Ice Form                 Ice/Tmut       #.......     100%        4    #####..
 Petrify                  Tmut/Erth      #.......     100%        4    #####..
 Blade Hands              Tmut           #.........   100%        5    ######.
 Borgnjor's Vile Clutch   Necr/Erth      #.........   100%        5    ######.
 Lee's Rapid Deconstruct  Erth           #.........   100%        5    ######.
 Yara's Violent Unravell  Hex/Tmut       #.........   100%        5    ######.
 Death Channel            Necr           #.........   100%        6    #######
 Simulacrum               Ice/Necr       #.........   100%        6    #######
 Dragon Form              Tmut           #.........   100%        7    #######


Dungeon Overview and Level Annotations

Branches:
Dungeon (13/15)            Temple (1/1) D:5            Lair (6/6) D:9
 Shoals (4/4) Lair:3        Snake (0/4) Lair:2        Slime (1/5) Lair:6
    Orc (2/2) D:11            Elf (1/3) Orc:2
 Vaults: D:13-14

Altars:
Cheibriados
Fedhas
Gozag
Kikubaaqudgha
Nemelex Xobeh
Okawaru
Qazlal
Ru
Sif Muna
Uskayaw
Wu Jian
Yredelemnul
The Shining One
Beogh
Jiyva

Shops:
D:11 (   Orc:2 [(*(

Annotations:
D:5 1 transporter
D:8 Harold
D:12 2 transporters, Biomn's ghost, journeyman GnWn
Lair:3 exclusion: oklob plant


Message History

The acid blob is severely wounded.
You hit the acid blob. You freeze the acid blob.
Your hands burn!
* * * LOW HITPOINT WARNING * * *
You slash the acid blob! You freeze the acid blob!
Your hands burn!
* * * LOW HITPOINT WARNING * * *
The acid blob hits you!
* * * LOW HITPOINT WARNING * * *
You are splashed with acid.
You resist.
* * * LOW HITPOINT WARNING * * *
The acid blob hits you!
* * * LOW HITPOINT WARNING * * *
You are splashed with acid.
You resist.
* * * LOW HITPOINT WARNING * * *
Blink to where?
Press: ? - help, Dir - move target cursor You are very lightly contaminated with residual magic.
As you read the scroll of blinking, it crumbles to dust.
The acid blob spits acid at you. The splash of acid hits you. You resist.
You die...

...............
......#........
...............
............#.#
...............
...............
................##
.......@.........##
.........J........#
..........J#......#
....#.#.....##.#.##
.#.
####.....J..#.## ..
#....JJ....# .
#....J§...#
#.....J.....#
#.#...#........


You could see 4 acid blobs, a large slime creature and 2 slime creatures.

Vanquished Creatures
  Rupert (D:12)
  Gastronok (Lair:1)
  A kraken (Shoals:4)
  The ghost of Nebesus the Swashbuckler, a journeyman KoBe of Trog (Lair:6)
  Snorg (Lair:6)
  An ettin (Orc:2)
  8 merfolk impalers
  3 merfolk javelineers
  Josephine (D:11)
  4 merfolk aquamancers
  2 two-headed ogres
  3 catoblepae (Lair:6)
  4 merfolk avatars
  A dancing weapon (Elf:1)
  A satyr (Shoals:2)
  8 death yaks
  Nergalle (D:12)
  4 sea snakes
  3 unseen horrors
  A skeletal warrior (D:13)
  A harpy (Shoals:4)
  7 orc knights (Orc:2)
  4 cyclopes
  3 deep elf magi
  10 manticores
  A salamander (shapeshifter) (D:13)
  7 fauns (Shoals:2)
  5 elephants (Lair:5)
  7 merfolk sirens
  Psyche (D:9)
  3 black mambas
  3 centaur zombies
  2 gargoyles
  4 water nymphs
  3 torpor snails
  11 spiny frogs
  A rime drake (Lair:5)
  5 komodo dragons
  5 trolls
  28 merfolk
  15 blink frogs (Lair:5)
  7 snapping turtles
  9 hippogriffs
  10 dream sheep
  2 wind drakes
  5 slime creatures
  A meliai zombie (D:13)
  A spriggan (Lair:5)
  3 wyverns
  34 yaks
  4 wraiths (D:11)
  9 water elementals
  3 golden eyes (Slime:1)
  4 basilisks
  2 vampire mosquitoes (D:12)
  9 wargs (Orc:2)
  A naga (Lair:2)
  An acid dragon (D:9)
  3 water moccasins (Lair:5)
  A porcupine (Lair:1)
  6 sky beasts
  36 orc warriors
  4 ice beasts
  A phantom (D:7)
  3 black bears
  14 ogres
  2 wolves (Lair:1)
  10 crocodiles
  10 centaurs
  14 bullfrogs
  4 big kobolds
  A wyvern zombie (D:6)
  A wyvern skeleton (D:10)
  A scorpion (D:12)
  10 killer bees
  10 wights
  4 howler monkeys
  2 bullfrog zombies
  6 crimson imps
  A quasit (D:8)
  6 hounds
  2 centaur skeletons
  10 orc priests
  A bullfrog skeleton (D:13)
  5 gnoll shamans (D:10)
  5 jellies
  16 orc wizards
  2 iguanas
  7 worker ants
  A killer bee zombie (D:9)
  2 hound zombies
  A hound skeleton (D:6)
  2 worker ant zombies
  13 gnolls
  11 adders
  3 shadow imps
  5 oozes (D:10)
  2 adder skeletons
  A dart slug (D:1)
  11 leopard geckos
  93 orcs
  3 giant cockroaches
  4 goblins
  2 hobgoblins (D:1)
  20 jackals
  2 quokkas
  3 bats
  12 frilled lizards
  21 kobolds
  A leopard gecko skeleton (D:8)
  7 rats
  8 fungi
  6 plants
  3 tentacles (Shoals:4)
716 creatures vanquished.

Vanquished Creatures (collateral kills)
  A hydra (Lair:6)
  2 vampire mosquitoes (D:12)
  An orc wizard (D:13)
4 creatures vanquished.

Vanquished Creatures (others)
  3 fungi
  2 plants
  9 tentacles (Shoals:4)
14 creatures vanquished.

Grand Total: 734 creatures vanquished

Notes
Turn   | Place    | Note
-------+----------+-------------------------------------------
     0 | D:1      | brucemayne the Hill Orc Monk began the quest for the Orb.
     0 | D:1      | Reached XP level 1. HP: 19/19 MP: 1/1
    88 | D:1      | Reached XP level 2. HP: 22/26 MP: 2/2
   226 | D:1      | Reached skill level 5 in Axes
   497 | D:1      | Reached XP level 3. HP: 23/31 MP: 3/3
   693 | D:2      | Reached skill level 6 in Axes
   968 | D:2      | Reached XP level 4. HP: 33/39 MP: 4/4
  1253 | D:4      | Reached skill level 7 in Axes
  1311 | D:5      | Entered Level 5 of the Dungeon
  1333 | D:4      | Reached XP level 5. HP: 28/45 MP: 5/5
  1557 | D:4      | Reached skill level 8 in Axes
  1709 | D:4      | Noticed an ogre
  1716 | D:4      | Killed an ogre
  1716 | D:4      | Reached skill level 9 in Axes
  1716 | D:4      | Reached XP level 6. HP: 45/51 MP: 6/6
  1832 | D:5      | Reached skill level 10 in Axes
  1832 | D:5      | Reached XP level 7. HP: 43/57 MP: 7/7
  1897 | D:5      | Found a transporter.
  1929 | D:5      | Reached skill level 1 in Throwing
  2067 | D:5      | Found a staircase to the Ecumenical Temple.
  2074 | Temple   | Entered the Ecumenical Temple
  2084 | Temple   | Became a worshipper of the Shining One
  2084 | Temple   | Reached * piety under the Shining One
  2084 | Temple   | Reached ** piety under the Shining One
  2125 | D:5      | Reached skill level 1 in Armour
  2145 | D:6      | Reached skill level 1 in Invocations
  2190 | D:6      | Reached XP level 8. HP: 45/64 MP: 8/10
  2433 | D:6      | Reached skill level 11 in Axes
  2444 | D:6      | Reached skill level 5 in Fighting
  2631 | D:7      | Found an iron altar of Okawaru.
  2793 | D:7      | Reached XP level 9. HP: 71/78 MP: 12/12
  2922 | D:8      | Reached skill level 12 in Axes
  2994 | D:8      | Noticed Harold
  3233 | D:9      | Reached *** piety under the Shining One
  3253 | D:10     | Entered Level 10 of the Dungeon
  3281 | D:10     | Noticed a troll
  3289 | D:10     | Reached skill level 13 in Axes
  3299 | D:10     | Killed a troll
  3342 | D:9      | Noticed a two-headed ogre
  3356 | D:10     | Noticed a troll
  3372 | D:10     | Killed a troll
  3443 | D:10     | Reached skill level 14 in Axes
  3509 | D:10     | Reached XP level 10. HP: 71/88 MP: 13/13
  3586 | D:10     | Reached skill level 15 in Axes
  3886 | D:11     | Reached **** piety under the Shining One
  3924 | D:11     | Reached skill level 16 in Axes
  4152 | D:11     | Noticed a five-headed hydra
  4201 | D:11     | Found a staircase to the Orcish Mines.
  4268 | D:11     | Noticed Josephine
  4274 | D:11     | Reached skill level 17 in Axes
  4288 | D:11     | Killed Josephine
  4288 | D:11     | Reached XP level 11. HP: 92/94 MP: 14/14
  4290 | D:11     | Reached skill level 18 in Axes
  4302 | D:11     | Found Ywkasuqy's Antique Weapon Emporium.
  4310 | D:11     | Bought a glowing broad axe for 196 gold pieces
  4355 | D:11     | Noticed an unseen horror
  4357 | D:11     | Killed an unseen horror
  4600 | D:12     | Reached ***** piety under the Shining One
  4603 | D:12     | Noticed Rupert
  4610 | D:12     | Reached skill level 5 in Invocations
  4614 | D:12     | You fall into a shaft and drop 1 floor!
  4615 | D:13     | Noticed a skeletal warrior
  4615 | D:13     | Noticed a salamander
  4619 | D:13     | Killed a salamander
  4635 | D:13     | Killed a skeletal warrior
  4657 | D:13     | Noticed an unseen horror
  4665 | D:13     | Noticed a deep elf mage
  4669 | D:12     | Noticed a cyclops
  4697 | D:12     | Killed a cyclops
  4800 | D:12     | Noticed Nergalle
  4814 | D:12     | Killed Nergalle
  4814 | D:12     | Reached skill level 10 in Invocations
  4921 | D:12     | Found a transporter.
  4923 | D:12     | Noticed Biomn's ghost (journeyman GnWn)
  4926 | D:12     | Noticed a vampire knight
  4930 | D:12     | Noticed a necromancer
  4931 | D:12     | Noticed an unseen horror
  4933 | D:12     | Noticed a skeletal warrior
  4940 | D:12     | Killed an unseen horror
  4940 | D:12     | Reached XP level 12. HP: 88/103 MP: 18/20
  4974 | D:12     | Found a transporter.
  5135 | D:12     | Killed Rupert
  5395 | Orc:1    | Entered Level 1 of the Orcish Mines
  5474 | Orc:2    | Entered Level 2 of the Orcish Mines
  5495 | Orc:2    | Found a staircase to the Elven Halls.
  5968 | Orc:2    | Reached skill level 10 in Fighting
  6109 | Orc:2    | Reached skill level 19 in Axes
  6124 | Orc:2    | Found a roughly hewn altar of Beogh.
  6138 | Orc:2    | Noticed an ettin
  6166 | Orc:2    | Killed an ettin
  6242 | Orc:2    | Found Qoaduno's Weapon Emporium.
  6242 | Orc:2    | Found Ciletuj's Antique Armour Boutique.
  6339 | Orc:2    | Reached XP level 13. HP: 77/115 MP: 23/23
  6522 | Orc:2    | Found Jauf's General Store.
  6544 | Orc:2    | Found Jiraniq's Weapon Emporium.
  6590 | Orc:2    | Bought a scorched helmet for 304 gold pieces
  6600 | Orc:2    | Identified the +2 helmet of Xosuedao {MR+} (You bought it
                  | in a shop on level 2 of the Orcish Mines)
  6600 | Orc:2    | Bought a glowing cloak for 240 gold pieces
  6605 | Orc:2    | Bought a jewelled chain mail for 304 gold pieces
  6620 | Orc:2    | Identified the cursed +0 chain mail "Vaskoukk" {rElec MR+}
                  | (You bought it in a shop on level 2 of the Orcish Mines)
  6655 | Elf:1    | Entered Level 1 of the Elven Halls
  7118 | D:9      | Noticed Psyche
  7126 | D:9      | Killed Psyche
  7126 | D:9      | Reached skill level 20 in Axes
  7241 | D:9      | Found a blossoming altar of Fedhas.
  7662 | D:8      | Found an ancient bone altar of Kikubaaqudgha.
  7671 | D:8      | Found an opulent altar of Gozag.
  7671 | D:8      | Found a stormy altar of Qazlal.
  8122 | D:9      | Found a staircase to the Lair.
  8127 | Lair:1   | Entered Level 1 of the Lair of Beasts
  8269 | Lair:1   | Found a basalt altar of Yredelemnul.
  8347 | Lair:1   | Noticed Gastronok
  8360 | Lair:1   | Killed Gastronok
  8564 | Lair:2   | Found a staircase to the Snake Pit.
  8682 | Lair:3   | Found an ornate altar of the Wu Jian Council.
  8845 | Lair:5   | Reached XP level 14. HP: 47/130 MP: 24/24
  8876 | Lair:6   | Entered Level 6 of the Lair of Beasts
  8896 | Lair:6   | Reached skill level 21 in Axes
  9028 | Lair:6   | HP: 1/132 [four-headed hydra (11)]
  9128 | Lair:6   | Noticed Nebesus's ghost (journeyman KoBe)
  9130 | Lair:6   | Found a runed translucent door.
  9154 | Lair:6   | Found a sparkling altar of Nemelex Xobeh.
  9185 | Lair:6   | Noticed Snorg
  9494 | Lair:6   | Reached skill level 15 in Fighting
  9675 | Lair:6   | Found a viscous altar of Jiyva.
  9675 | Lair:6   | Found a staircase to the Slime Pits.
  9690 | Lair:6   | Reached skill level 22 in Axes
 10388 | Lair:3   | Found a staircase to the Shoals.
 10514 | Shoals:1 | Entered Level 1 of the Shoals
 10639 | Shoals:1 | Reached XP level 15. HP: 55/143 MP: 25/25
 11194 | Shoals:2 | Reached skill level 5 in Armour
 11283 | Shoals:2 | HP: 3/144 [merfolk/+0 trident (9)]
 11511 | Shoals:2 | Reached skill level 5 in Dodging
 12096 | Shoals:3 | Got a pitted trident
 12166 | Shoals:4 | Entered Level 4 of the Shoals
 12325 | Shoals:4 | Got a brightly glowing scale mail
 12346 | Shoals:4 | Identified the +1 scale mail of the Spheres {rF++ Dex-2}
                  | (You found it on level 4 of the Shoals)
 12546 | Shoals:4 | Identified Oriphukef's Grimoire of Entrancing Shape
                  | Shifting
 12701 | Shoals:4 | Reached XP level 16. HP: 84/151 MP: 26/26
 12872 | Shoals:4 | Noticed a kraken
 12972 | Shoals:4 | Killed a kraken
 12982 | Shoals:4 | Got a barnacled rune of Zot
 13276 | Lair:6   | Killed Snorg
 13326 | Lair:6   | Killed Nebesus's ghost
 13402 | Slime:1  | Entered Level 1 of the Pits of Slime
 13406 | Slime:1  | Noticed an acid blob
 13409 | Slime:1  | Noticed an acid blob
 13410 | Slime:1  | Noticed an acid blob
 13524 | Slime:1  | Noticed an acid blob
 13527 | Slime:1  | Reached skill level 10 in Armour
 13531 | Slime:1  | HP: 5/151 [acid (4)]
 13532 | Slime:1  | Killed from afar by an acid blob

Levels and vault maps discovered:
D:1:      denvon_arrival_planthouse, layout_basic, minmay_pentomino_p4
D:2:      layout_basic, first_ration, palyth_stone_intersect, roderic_lattice_a,
          hex_tiny
D:3:      layout_basic, makhleb_altar_promises_db, elyvilon_altar_4,
          kennysheep_nondescript, kennysheep_big_empty_room
D:4:      layout_basic
D:5:      gammafunk_cloud_chamber, layout_basic,
          minmay_temple_entry_enclosed_plants, grunt_dithmenos_smoke_and_mirrors
D:6:      layout_cave_pools, minmay_lizard_king
D:7:      layout_cave_pods, okawaru_trees_2
D:8:      layout_basic, gammafunk_temple_overflow_forgotten, uniq_harold
D:9:      layout_gridville, lemuel_doored_altar, erik_lair_dragon, uniq_psyche
D:10:     kennysheep_seaside_town, layout_basic, hangedman_little_slice_of_home,
          minmay_misc_feat_room
D:11:     layout_roguey, hiddenorc1_lemuel, serial_shops, shop_fountains,
          uniq_josephine
D:12:     layout_loops_cross, gammafunk_ghost_mausoleum, uniq_nergalle,
          uniq_rupert
D:13:     layout_roguey, serial_undead, serial_undead_b, serial_undead_b,
          serial_undead_b, serial_undead_b, serial_undead_c, serial_undead_c,
          minmay_misc_feat_four_crosses, hangedman_abyss_or_decor_clamps
Temple:   eino_temple_water
Lair:1:   layout_gridlike, basic_altar, uniq_gastronok
Lair:2:   layout_loops_ring, guppyfry_snake_entry_island, grunt_megastairs_5
Lair:3:   layout_regular_city, minmay_shoals_entry_centaurs, lemuel_oklob_altar,
          serial_bayou_shore_a
Lair:4:   layout_gridlike, patterned_corridor
Lair:5:   layout_gridlike, grunt_forest_large_clearing_hut
Lair:6:   evilmike_catoblepas_cave, layout_loops_ring, slime_altar_1,
          hellmonk_ghost_happy_afterlife, basic_altar, lemuel_fruit_tree,
          uniq_snorg
Shoals:1: layout_shoals, ebering_ghost_inner_flame
Shoals:2: layout_shoals, serial_shops, shop, nicolae_shoals_seven_spires,
          nicolae_shoals_siren_and_animal_friends, uniq_donald
Shoals:3: cheibrodos_shoals_baths, layout_shoals
Shoals:4: shoals_end_hangedman, layout_shoals
Slime:1:  layout_caves
Orc:1:    layout_caves, serial_shops, nicolae_shop_behind_doors
Orc:2:    st_orc_town, layout_diamond_mine
Elf:1:    eino_elf_arrival_sip, layout_gridlike, minivault_28,
          grunt_megastairs_2

Skill      XL: |  1  2  3  4  5  6  7  8  9 10 11 12 13 14 15 16 |
---------------+-------------------------------------------------+-----
Axes           | 5 6 7 9 10 11 14 17 18 19 20 22 | 22.4
Throwing       | 2 |  2.5
Armour         | 1 8 10 | 10.0
Invocations    | 3 4 11 13 | 13.3
Fighting       | 6 7 8 10 13 15 16 | 16.0
Dodging        | 7 8 |  8.0
Stealth        | |  1.5

Action                   |  1- 3 |  4- 6 |  7- 9 | 10-12 | 13-15 | 16-18 || total
-------------------------+-------+-------+-------+-------+-------+-------++-------
Melee: Hand axe          |    89 |       |       |       |       |       ||    89
       War axe           |       |    89 |   235 |   163 |       |       ||   487
       Broad axe         |       |       |       |   208 |       |       ||   208
       Battleaxe         |       |       |       |   150 |   737 |    92 ||   979
Throw: Javelin           |     3 |     6 |    16 |       |     3 |     2 ||    30
       Dart              |       |     4 |       |       |       |       ||     4
Invok: Divine Shield     |       |       |     2 |     7 |    20 |     3 ||    32
       Summon Divine War |       |       |       |     3 |     1 |       ||     4
 Abil: Evoke Flight      |       |       |       |       |    10 |     1 ||    11
Evoke: Wand              |       |       |       |       |     6 |       ||     6
  Use: Scroll            |       |     4 |     4 |    10 |    23 |     5 ||    46
       Potion            |       |       |       |     1 |    10 |     2 ||    13
 Stab: Sleeping          |     3 |       |       |       |       |       ||     3
  Eat: Chunk             |       |     3 |     2 |       |     2 |       ||     7
       Ration            |       |       |     1 |     4 |     7 |     1 ||    13
Armor: Robe              |    18 |       |       |       |       |       ||    18
       Leather armour    |       |    11 |       |       |       |       ||    11
       Chain mail        |       |    36 |   111 |       |    96 |       ||   243
       Troll leather arm |       |       |     6 |    57 |    43 |     9 ||   115
       Plate armour      |       |       |       |     7 |    96 |    30 ||   133
Dodge: Dodged            |    82 |    48 |   147 |   245 |   406 |    45 ||   973
Block: Other             |       |       |    10 |    38 |   121 |    15 ||   184
